 Dungeon Crawl Stone Soup version 0.22-a0-580-gd5db89c (webtiles) character file.

882 sking99 the Ruffian (level 7, -11/71 HPs)
             Began as a Troll Monk on July 3, 2018.
             Mangled by Prince Ribbit (13 damage)
             ... on level 5 of the Dungeon.
             The game lasted 00:05:25 (3118 turns).

sking99 the Ruffian (Troll Monk)                    Turns: 3118, Time: 00:05:26

Health: -11/71     AC:  7    Str: 25    XL:     7   Next: 76%
Magic:  15/15      EV: 10    Int:  6    God:
Gold:   228        SH:  0    Dex: 14    Spells: 6/6 levels left

rFire    + . .     SeeInvis .     - Unarmed
rCold    . . .     Gourm    +   (no shield)
rNeg     . . .     Faith    .   a - +0 robe
rPois    .         Spirit   .   (helmet restricted)
rElec    .         Reflect  .   k - +1 cloak
rCorr    .         Harm     .   (gloves unavailable)
MR       .....                  (boots unavailable)
Stlth    ++........             n - amulet of regeneration
HPRegen  1.01/turn              m - ring of protection from fire
MPRegen  0.14/turn              w - ring of magical power

@: mighty
A: large, unfitting armour, claws 3, fast metabolism 3, gourmand, regeneration
1, shaggy fur 1, tough skin 2
a: no special abilities


You were on level 5 of the Dungeon.
You were completely stuffed.

You visited 1 branch of the dungeon, and saw 5 of its levels.

You collected 228 gold pieces.

Inventory:

Armour
 a - a +0 robe (worn)
 k - a +1 cloak (worn)
Jewellery
 m - a ring of protection from fire (left claw)
 n - an amulet of regeneration (around neck)
 w - a ring of magical power (right claw)
Wands
 r - a wand of acid (6)
Scrolls
 e - 2 scrolls of remove curse
 f - a scroll of blinking
 h - a scroll of teleportation
 t - a scroll of enchant armour
 u - a scroll of fog
Potions
 d - a potion of mutation {unknown}
 g - a potion of lignification {unknown}
 j - 3 potions of brilliance {unknown}
 l - a potion of might
 q - a potion of resistance {unknown}
 v - a potion of curing {unknown}
Comestibles
 b - 9 rations
 c - a chunk of flesh


   Skills:
 + Level 4.8 Fighting
 - Level 2.4 Dodging
 - Level 1.0 Stealth
 * Level 7.9 Unarmed Combat


You had 6 spell levels left.
You didn't know any spells.
Your spell library was empty.

Dungeon Overview and Level Annotations

Branches:
Dungeon (5/15)
 Temple: D:4-7

Altars:
Ru
Uskayaw

Annotations:
D:5 Prince Ribbit


Innate Abilities, Weirdness & Mutations

You are too large for most types of armour.
You have claws for hands.
Your metabolism is lightning-fast.
You like to eat raw meat.
Your natural rate of healing is unusually fast.
You are covered in fur. (AC +1)
You have very tough skin. (AC +2)


Message History

An iguana corpse.
The floor.
You barely miss the orc. Prince Ribbit completely misses you.
The orc completely misses you.
Unknown command.
You barely miss the orc. Prince Ribbit barely misses you.
The orc hits you with a short sword of electrocution.
You barely miss the orc. Prince Ribbit hits you!
* * * LOW HITPOINT WARNING * * *
The orc hits you but does no damage. Prince Ribbit barely misses you.
You feel very mighty all of a sudden. Prince Ribbit barely misses you.
The orc hits you but does no damage.
You scratch the orc.
The orc is lightly wounded.
Prince Ribbit hits you!
* * * LOW HITPOINT WARNING * * *
The orc hits you with a short sword of electrocution.
* * * LOW HITPOINT WARNING * * *
Prince Ribbit hits you!
You die...

#.......########
#.......# ...
#####...###########..#
.)......#.?..........#
#####...#............#
#...#...#............#
#..<....#(...........#
#######.#............#..
...............F@.......
#######..........##...#.
......'....?...†o.......
##...##>..............##
.....###########..$...#
.....# #......# .....#
#......# ###### #......#
###...#


You could see Prince Ribbit and an orc.

Vanquished Creatures
  Sigmund (D:5)
  A sky beast (D:2)
  A phantom (D:5)
  An ogre (D:4)
  An orc priest (D:4)
  An orc wizard (D:3)
  3 iguanas
  Natasha (thrice) (D:2)
  2 worker ants
  A howler monkey zombie (D:5)
  Robin (D:3)
  9 adders
  A worm (D:2)
  5 dart slugs
  4 leopard geckos
  9 orcs
  A bat (D:3)
  2 giant cockroaches
  12 goblins
  8 hobgoblins
  9 jackals
  7 kobolds
  A quokka (D:3)
  A ball python (D:3)
  4 frilled lizards
  7 rats
96 creatures vanquished.

Notes
Turn   | Place    | Note
-------+----------+-------------------------------------------
     0 | D:1      | sking99 the Troll Monk began the quest for the Orb.
     0 | D:1      | Reached XP level 1. HP: 22/22 MP: 0/0
   122 | D:1      | Reached XP level 2. HP: 29/29 MP: 1/1
   691 | D:1      | Reached XP level 3. HP: 25/36 MP: 2/2
  1018 | D:2      | Found a hide-covered altar of Uskayaw.
  1018 | D:2      | Noticed a dagger
  1018 | D:2      | Noticed a dagger
  1170 | D:2      | Reached skill level 4 in Unarmed Combat
  1243 | D:2      | Found a sacrificial altar of Ru.
  1331 | D:2      | Reached XP level 4. HP: 45/45 MP: 3/3
  1435 | D:2      | Noticed Natasha
  1443 | D:2      | Killed Natasha
  1484 | D:2      | Noticed Natasha
  1500 | D:2      | Killed Natasha
  1500 | D:2      | Reached skill level 5 in Unarmed Combat
  1500 | D:2      | Reached XP level 5. HP: 32/53 MP: 4/4
  1552 | D:2      | Noticed Natasha
  1558 | D:2      | Killed Natasha
  1651 | D:2      | Noticed a sky beast
  1659 | D:2      | Killed a sky beast
  1659 | D:2      | Reached XP level 6. HP: 62/62 MP: 5/5
  1808 | D:3      | Reached skill level 6 in Unarmed Combat
  2218 | D:3      | Noticed Robin
  2238 | D:3      | Killed Robin
  2701 | D:4      | Reached XP level 7. HP: 32/70 MP: 6/6
  2926 | D:4      | Found a sacrificial altar of Ru.
  2944 | D:5      | Entered Level 5 of the Dungeon
  3017 | D:5      | Noticed Sigmund
  3031 | D:5      | Killed Sigmund
  3031 | D:5      | Reached skill level 7 in Unarmed Combat
  3097 | D:5      | Noticed Prince Ribbit
  3117 | D:5      | HP: 1/71 [orc/short sword of electrocution (5)]
  3118 | D:5      | Mangled by Prince Ribbit

Vault maps used:
D:1:      dpeg_arrival_central, serial_co_window_serial, co_window_corner_a,
          co_window_paths_a, co_window_paths_b, co_window_of_opportunity_a,
          co_window_cross_1, co_window_corner_a, co_window_paths_a,
          co_window_corner_cb, co_window_corner_cb, co_window_unsneaky_path_d,
          co_window_corner_b, co_window_of_opportunity_b, glass_columns_b,
          glass_columns_a
D:2:      dancing_weapons_uskayaw, first_ration,
          nicolae_ru_sacrificial_ziggurat, uniq_natasha
D:3:      minmay_misc_feat_five, uniq_robin
D:4:      kennysheep_mini_moat, serial_curves, eino_curves_01, eino_curves_01,
          minmay_misc_feat_iff, nrook_mini_backslash
D:5:      ebering_ghost_reflecting_pool, hangedman_decor_push, uniq_sigmund,
          uniq_eustachio, uniq_prince_ribbit1

Skill      XL: |  1  2  3  4  5  6  7 |
---------------+----------------------+-----
Unarmed Combat | 4 5 6 7 |  7.9
Fighting       | 3 4 |  4.8
Dodging        | |  2.4
Stealth        | |  1.0

Action                   |  1- 3 |  4- 6 |  7- 9 || total
-------------------------+-------+-------+-------++-------
Melee: Unarmed           |   105 |   140 |    44 ||   289
       Punch             |       |     4 |     3 ||     7
  Use: Scroll            |       |       |     9 ||     9
       Potion            |       |       |     1 ||     1
 Stab: Sleeping          |     5 |     2 |       ||     7
  Eat: Chunk             |    18 |    12 |     4 ||    34
Armor: Robe              |    38 |    55 |     8 ||   101
Dodge: Dodged            |    61 |    79 |    20 ||   160

Table legend:
 A = Spawn XP
 B = Non-spawn XP
 C = Spawn XP percentage of total XP
 D = Spawn monster count
 E = Non-spawn monster count
 F = Spawn count percentage of total count
 G = Total turns spent on level
                    A         B        C        D         E        F      G
               +---------+---------+-------+---------+---------+-------+---------
         Total |       0 |    1260 |   0.0 |       0 |      96 |   0.0 |  3118
               +---------+---------+-------+---------+---------+-------+---------
           D:1 |       0 |      47 |   0.0 |       0 |      23 |   0.0 |  1004
           D:2 |       0 |     333 |   0.0 |       0 |      22 |   0.0 |   723
           D:3 |       0 |     133 |   0.0 |       0 |      30 |   0.0 |   579
           D:4 |       0 |     272 |   0.0 |       0 |      15 |   0.0 |   672
           D:5 |       0 |     475 |   0.0 |       0 |       6 |   0.0 |   140
               +---------+---------+-------+---------+---------+-------+---------
